 Dungeon Crawl Stone Soup version 0.17-a0-1763-g847a857 (webtiles) character file.

4548 hexophile the Bludgeoner (level 10, 0/92 HPs)
             Began as an Ogre Monk on Sept 6, 2015.
             Was a Believer of the Shining One.
             Succumbed to a killer bee's poison
             ... on level 8 of the Dungeon.
             The game lasted 00:14:00 (8864 turns).

hexophile the Bludgeoner (Ogre Monk)                Turns: 8864, Time: 00:14:00

Health: 0/92       AC:  4    Str: 18    XL:     10   Next: 40%
Magic:  8/10       EV: 11    Int:  9    God:    the Shining One [**....]
Gold:   307        SH:  6    Dex: 15    Spells: 0 memorised, 9 levels left

rFire  . . .     SeeInvis +     j - +0 giant spiked club
rCold  . . .     Clarity  .     p - +1 robe
rNeg   + . .     SustAt   .     (no shield)
rPois  .         Gourm    .     (helmet restricted)
rElec  .         Spirit   .     (no cloak)
rCorr  .         Warding  .     (gloves unavailable)
rMut   .         Stasis   .     (boots unavailable)
MR     +....                    (no amulet)
Stlth  +.........               g - ring of see invisible
                                e - ring of flight

@: lethally poisoned (0 -> -7), divine shield, glowing, somewhat resistant to
hostile enchantments, very unstealthy
A: unfitting armour, tough skin 1
a: Divine Shield, Renounce Religion, Evoke Flight


You were on level 8 of the Dungeon.
You worshipped the Shining One.
The Shining One was pleased with you.
You were not hungry.

You visited 2 branches of the dungeon, and saw 9 of its levels.
You also visited: Bailey.

You collected 307 gold pieces.

Inventory:

Hand weapons
 a - a +0 flail of crushing
 j - a +0 giant spiked club (weapon)
 m - a +0 flail of protection
Armour
 p - a +1 robe (worn)
Jewellery
 e - a ring of flight (left hand)
 g - a ring of see invisible (right hand)
Magical devices
 b - a wand of confusion (4)
 d - a wand of digging (6)
 l - a wand of disintegration (14)
Scrolls
 c - 2 scrolls of enchant armour
 f - 4 scrolls of identify
 h - 4 scrolls of remove curse
 i - 3 scrolls of noise
 o - 2 scrolls of recharging
 q - a scroll of fog
 s - a scroll of teleportation
 t - 3 scrolls of immolation
Comestibles
 u - 2 bread rations
 v - a royal jelly


   Skills:
 - Level 4.0 Fighting
 + Level 17.7 Maces & Flails
 - Level 2.6 Dodging
 - Level 1.5 Stealth
 - Level 3.6 Unarmed Combat


You had 9 spell levels left.
You didn't know any spells.

Dungeon Overview and Level Annotations

Branches:
Dungeon (8/15)             Temple (1/1) D:7
   Lair: D:8-11

Altars:
Cheibriados
Dithmenos
Elyvilon
Fedhas
Gozag
Makhleb
Okawaru
Qazlal
Ru
Sif Muna
Trog
Vehumet
Xom
Yredelemnul
The Shining One

Shops:
D:8 [

Annotations:
D:2 exclusion: downstairs
D:3 exclusion: oklob plant, Ajdolov's ghost, average MiGl


Innate Abilities, Weirdness & Mutations

You are too large for most types of armour.
You have tough skin (AC +1).


Message History

The killer bee stings you!
* * * LOW HITPOINT WARNING * * *
You are poisoned.
The killer bee poisons you! You block the killer bee's attack.
You closely miss the killer bee.
The killer bee is heavily wounded.
You feel sick. The killer bee stings you!
* * * LOW HITPOINT WARNING * * *
The killer bee stings you.
* * * LOW HITPOINT WARNING * * *
You closely miss the killer bee.
The killer bee is moderately wounded.
The killer bee closely misses you. The killer bee stings you.
* * * LOW HITPOINT WARNING * * *
You are more poisoned.
The killer bee poisons you!
Unknown command.
You barely miss the killer bee.
The killer bee is moderately wounded.
You die...

#### ####.###......##.#
..<#
#.............##.###
####
#..................#####
#.............).........
#............)∩)........
######'###...).........
#.# ##............ #.#
#.###........ #@# #.#
#........ #y# #..
#........ #y# ##.
#.#...... #r#
..#.#...... #F#
#.#...[.. ... ..#######
..# #. .... . #. r..# ..
#.


You could see a giant frog, 2 killer bees and a quokka.

Vanquished Creatures
  Erica (D:8)
  Pikel (D:6)
  A hill giant (D:8)
  A troll (D:7)
  Prince Ribbit (D:5)
  3 yaks (D:6)
  A hungry ghost (D:6)
  4 slaves
  4 ogres
  2 ice beasts
  2 necrophages (D:7)
  A big kobold (D:8)
  A water moccasin zombie (D:8)
  A scorpion (D:5)
  3 killer bees (D:8)
  A centaur zombie (D:7)
  3 orc wizards
  2 giant frog zombies
  6 hounds
  A jelly (D:6)
  Ijyb (D:2)
  3 orc priests
  5 worker ants
  3 centaur skeletons
  An iguana (D:6)
  A hound zombie (D:7)
  6 gnolls
  5 adders
  2 oozes
  2 adder zombies
  5 worms
  4 giant geckos
  11 orcs
  2 ball pythons
  8 goblins (D:2)
  3 hobgoblins
  8 bats
  3 giant cockroaches
  5 giant newts
  8 jackals
  2 jackal skeletons
  A jackal zombie (D:5)
  11 kobolds
  A quokka (D:4)
  7 rats
148 creatures vanquished.

Notes
Turn   | Place    | Note
--------------------------------------------------------------
     0 | D:1      | hexophile the Ogre Monk began the quest for the Orb.
     0 | D:1      | Reached XP level 1. HP: 24/24 MP: 1/1
   145 | D:1      | Reached skill level 1 in Maces & Flails
   365 | D:1      | Reached XP level 2. HP: 25/32 MP: 2/2
  1152 | D:2      | Reached XP level 3. HP: 39/39 MP: 1/3
  1496 | D:2      | Reached XP level 4. HP: 39/48 MP: 4/4
  1648 | D:2      | Noticed Ijyb
  1687 | D:2      | Killed Ijyb
  1687 | D:2      | Reached skill level 5 in Maces & Flails
  2106 | D:2      | Found a glowing golden altar of the Shining One.
  2160 | D:2      | Became a worshipper of the Shining One
  2160 | D:2      | Acquired the Shining One's first power
  2160 | D:2      | Acquired the Shining One's second power
  2377 | D:3      | Found a blossoming altar of Fedhas.
  2390 | D:3      | Noticed an oklob plant
  2464 | D:3      | Noticed Ajdolov's ghost (average MiGl)
  2468 | D:3      | Reached XP level 5. HP: 51/54 MP: 5/5
  2483 | D:3      | Reached skill level 6 in Maces & Flails
  2898 | D:4      | Noticed an ogre
  2909 | D:4      | Killed an ogre
  2909 | D:4      | Reached skill level 7 in Maces & Flails
  2909 | D:4      | Reached XP level 6. HP: 45/62 MP: 1/6
  2916 | D:4      | Reached skill level 8 in Maces & Flails
  3238 | D:4      | HP: 5/62 [orc/morningstar (9)]
  3368 | D:4      | Reached skill level 9 in Maces & Flails
  3674 | D:4      | Noticed an ogre
  3682 | D:4      | Killed an ogre
  3682 | D:4      | Reached XP level 7. HP: 57/70 MP: 7/7
  3900 | D:4      | Found an iron altar of Okawaru.
  4173 | D:5      | Entered Level 5 of the Dungeon
  4331 | D:5      | Reached skill level 10 in Maces & Flails
  4337 | D:5      | Noticed Prince Ribbit
  4357 | D:5      | Killed Prince Ribbit
  4637 | D:5      | Reached skill level 11 in Maces & Flails
  4802 | D:5      | Reached XP level 8. HP: 78/78 MP: 8/8
  4826 | D:5      | Found a shadowy altar of Dithmenos.
  5221 | D:6      | Reached skill level 12 in Maces & Flails
  5391 | D:6      | Found a shimmering altar of Xom.
  5611 | D:6      | Reached skill level 13 in Maces & Flails
  5620 | D:6      | Reached XP level 9. HP: 52/84 MP: 6/9
  5627 | D:6      | HP: 5/84 [yak (9)]
  5629 | D:6      | Found a sacrificial altar of Ru.
  5630 | D:6      | Found a basalt altar of Yredelemnul.
  5996 | D:6      | Found an opulent altar of Gozag.
  6050 | D:6      | Found a shadowy altar of Dithmenos.
  6074 | D:6      | Reached skill level 14 in Maces & Flails
  6683 | D:7      | Found a white marble altar of Elyvilon.
  6683 | D:7      | Found a glowing golden altar of the Shining One.
  6739 | D:7      | Found a staircase to the Ecumenical Temple.
  6743 | Temple   | Entered the Ecumenical Temple
  6891 | D:7      | Noticed Pikel
  7724 | D:6      | Killed Pikel
  7724 | D:6      | Reached skill level 15 in Maces & Flails
  7982 | D:7      | Found a deep blue altar of Sif Muna.
  8022 | D:7      | Reached skill level 16 in Maces & Flails
  8326 | D:8      | Noticed Erica
  8336 | D:8      | Killed Erica
  8336 | D:8      | Reached skill level 17 in Maces & Flails
  8336 | D:8      | Reached XP level 10. HP: 47/92 MP: 6/10
  8358 | D:8      | Found Rar Ug Zocs's Armour Shoppe.
  8450 | D:8      | Found a stormy altar of Qazlal.
  8641 | D:8      | Noticed a hill giant
  8652 | D:8      | Killed a hill giant
  8743 | D:8      | Found a flagged portal.
  8752 | Bailey   | Entered a bailey
  8862 | D:8      | HP: 4/92 [killer bee (9)]
  8863 | D:8      | HP: 1/92 [killer bee (2)]
  8864 | D:8      | Succumbed to a killer bee's poison

Vault maps used:
D:1:      matt_arrival_diagonals, kennysheep_minor_cross
D:2:      kennysheep_the_goblin_king, kennysheep_cluttered_room, tso_metal_star
D:3:      tgw_fedhas, first_bread
D:4:      okawaru_gym_becter
D:5:      overflow_temple_1_default, minmay_misc_feat_tiny, uniq_prince_ribbit1
D:6:      lemuel_doored_altar, kennysheep_mini_moat, grunt_temple_overflow_open,
          serial_shops, shop, nicolae_dithmenos_shadow_blocks
D:7:      statuecave_lemuel, gammafunk_temple_overflow_wave, led_sif_book,
          minmay_temple_entry_glassed_door, uniq_pikel
D:8:      nicolae_qazlal_eye_of_the_storm, kennysheep_vampire_church,
          serial_shops, shop, enter_bailey_2, hangedman_pestilent_swarm,
          kennysheep_decorative_pillar, uniq_erica
Temple:   circular_temple_6
Bailey:   bailey_polearm_1, bailey

Action                   |  1- 3 |  4- 6 |  7- 9 | 10-12 || total
-------------------------+-------+-------+-------+-------++-------
Melee: Whip              |    84 |       |       |       ||    84
       Unarmed           |     5 |       |       |       ||     5
       Flail             |    15 |   133 |   156 |       ||   304
       Giant spiked club |       |       |    88 |    44 ||   132
Invok: Divine Shield     |       |     4 |     4 |     3 ||    11
 Abil: Evoke Flight      |     1 |     1 |     2 |       ||     4
  Use: Potion            |     2 |     3 |     2 |     2 ||     9
       Scroll            |     7 |     2 |     7 |     1 ||    17
 Stab: Sleeping          |     2 |     1 |       |       ||     3
  Eat: Bread ration      |     1 |     1 |     2 |       ||     4
       Chunk             |       |     3 |     2 |       ||     5
       Pizza             |       |       |     1 |       ||     1
       Beef jerky        |       |       |     2 |       ||     2
       Meat ration       |       |       |     1 |       ||     1
